 Dungeon Crawl Stone Soup version 0.30.1-4-g462c640d31 (webtiles) character file.

Game seed: 5123798294786415925

119 Arctor the Trooper (level 4, 0/41 HPs)
             Began as a Minotaur Fighter on Aug 17, 2023.
             Killed from afar by Blork the orc (10 damage)
             ... with a puff of frost
             ... on level 4 of the Dungeon.
             The game lasted 00:01:47 (2550 turns).

Arctor the Trooper (Minotaur Fighter)               Turns: 2550, Time: 00:01:48

Health: 0/41       AC:  9    Str: 23    XL:     4   Next: 73%
Magic:  3/3        EV:  9    Int:  5    God:
Gold:   209        SH:  4    Dex:  9    Spells: 3/3 levels left

rFire   . . .        a - +0 war axe
rCold   . . .        c - +0 buckler
rNeg    . . .        b - +0 scale mail
rPois   +            (helmet restricted)
rElec   .            (no cloak)
rCorr   .            (no gloves)
SInv    .            s - +1 pair of boots
Will    .....        o - amulet of the acrobat Stlth
                     n - ring of poison resistance
HPRegen 0.26/turn    (no ring)
MPRegen 0.08/turn

%: acrobat
@: mighty
A: horns 2, retaliatory headbutt
a: no special abilities


You were on level 4 of the Dungeon.
You visited 1 branch of the dungeon, and saw 4 of its levels.

You collected 209 gold pieces.

Inventory:

Hand Weapons
 a - a +0 war axe (weapon)
Missiles
 p - 3 boomerangs (quivered)
Armour
 b - a +0 scale mail (worn)
 c - a +0 buckler (worn)
 s - a +1 pair of boots (worn)
Jewellery
 n - a ring of poison resistance (left hand)
 o - an amulet of the acrobat (around neck)
Wands
 u - a wand of flame (16)
Scrolls
 e - 4 scrolls of teleportation
 i - 2 scrolls of enchant weapon
 j - a scroll of blinking
 k - a scroll of amnesia
 l - a scroll of magic mapping
 r - a scroll of noise
Potions
 d - a potion of might
 f - 3 potions of attraction
 h - a potion of mutation {unknown}
 m - a potion of curing {unknown}
 q - a potion of magic {unknown}
 v - a potion of cancellation {unknown}


   Skills:
 + Level 4.6 Fighting
 + Level 3.5 Axes
 + Level 4.5 Armour
 + Level 4.5 Shields


You had 3 spell levels left.
You didn't know any spells.
Your spell library contained the following spells:

 Spells                   Type           Power      Damage    Failure   Level
 Lesser Beckoning         Tloc           0%         N/A       93%         2
 Gell's Gravitas          Tloc           0%         N/A       99%         3
 Teleport Other           Tloc           0%         N/A       99%         3


Dungeon Overview and Level Annotations

Branches:
Dungeon (4/15)
 Temple: D:4-7

Altars:
Uskayaw

Annotations:
D:4 Blork the orc


Innate Abilities, Weirdness & Mutations

You have a pair of horns on your head.
You reflexively headbutt those who attack you in melee.


Message History

No target in view!
You see here a staff of earth.
No target in view!
Blork the orc comes into view.
He is wielding a +1 flail of protection.
Blork the orc shouts!
Blork the orc is nearby!
Blork the orc is nearby!
Blork the orc gestures at you while chanting.
The puff of frost hits you.
Blork the orc is nearby!
You barely miss Blork the orc. Blork the orc barely misses you.
You barely miss Blork the orc.
Blork the orc hits you with a +1 flail of protection!
Blork the orc points at you and mumbles some strange words.
The puff of flame hits you.
You feel very mighty all of a sudden.
Blork the orc hits you with a +1 flail of protection.
You barely miss Blork the orc. You headbutt Blork the orc!
Blork the orc is moderately wounded.
You block Blork the orc's attack.
You hit Blork the orc.
Blork the orc is heavily wounded.
Blork the orc casts a spell.
Blork the orc seems to speed up.
Blork the orc closely misses you.
You hit Blork the orc but do no damage.
Blork the orc is heavily wounded.
Blork the orc gestures at you while chanting.
The puff of frost hits you. Blork the orc barely misses you.
You furiously retaliate!
You headbutt Blork the orc! You barely miss Blork the orc.
Blork the orc is almost dead.
Blork the orc hits you with a +1 flail of protection!
Blork the orc hits you with a +1 flail of protection.
* * * LOW HITPOINT WARNING * * *
You hit Blork the orc but do no damage.
Blork the orc is almost dead.
Blork the orc hits you but does no damage.
Blork the orc points at you and mumbles some strange words.
The puff of frost hits you!
You die...

..........|.........
#^#####.###....>..†.
###...................
...#####.###...#.##.. .
#...........<.....
#.#.###.#.##........
#.###.#.###.#.##........
........$.........>.....
#.###.#@##..#.##.#.###..
.......o....... #. #..
#.###.#.....#.## # #..
...#.##..# # #. #.. ...
... .... ..#.# #.. #.###
#.# .#.##.#.# #.. . #.#
# ##.#.# #. #.#
.#.##.#.####.
.............


You could see Blork the orc (fast).

Vanquished Creatures
  Robin (D:3)
  5 adders
  2 dart slugs
  2 orcs
  3 bats (D:1)
  5 endoplasms
  A giant cockroach (D:3)
  10 goblins
  4 hobgoblins
  2 jackals (D:2)
  5 kobolds
  4 quokkas
  4 ball pythons
  A frilled lizard (D:3)
  4 rats
53 creatures vanquished.

Notes
Turn   | Place    | Note
-------+----------+-------------------------------------------
     0 | D:1      | Arctor the Minotaur Fighter began the quest for the Orb.
     0 | D:1      | Reached XP level 1. HP: 19/19 MP: 0/0
   119 | D:1      | Found a faded altar of an unknown god.
   257 | D:1      | Reached XP level 2. HP: 27/27 MP: 1/1
  1050 | D:2      | Reached XP level 3. HP: 26/33 MP: 2/2
  1193 | D:2      | Found a hide-covered altar of Uskayaw.
  1666 | D:3      | Reached XP level 4. HP: 40/41 MP: 3/3
  2097 | D:3      | Noticed Robin
  2106 | D:3      | Killed Robin
  2539 | D:4      | Noticed Blork the orc
  2550 | D:4      | Killed from afar by Blork the orc

Illustrated notes

Levels and vault maps discovered:
D:1:      wander_arrival_chamber, layout_basic,
          hellmonk_ecumenical_altar_slurped_away, reono_crystal_passage
D:2:      layout_basic, basic_altar, minivault_4, chequers_serial_rivers_room_a,
          minmay_misc_feat_plants
D:3:      layout_loops_cross, uniq_robin
D:4:      layout_basic, gammafunk_ghost_stat_death, uniq_blork_the_orc

Skill      XL: |  1  2 |
---------------+-------+-----
Fighting       | 4 |  4.6
Armour         | 4 |  4.5
Shields        | 4 |  4.5
Axes           | 3 |  3.5

Action                     |  1- 3 |  4- 6 || total
---------------------------+-------+-------++-------
  Melee: War axe           |    68 |    52 ||   120
         Headbutt          |     9 |     6 ||    15
    Use: Scroll            |     3 |     5 ||     8
         Potion            |       |     1 ||     1
 Armour: Scale mail        |    34 |    19 ||    53
  Dodge: Dodged            |    37 |    25 ||    62
  Block: Buckler           |    23 |    12 ||    35
